 Dungeon Crawl Stone Soup version 0.21.1-1-g345015f (webtiles) character file.

99 Fang the Skirmisher (level 4, -9/43 HPs)
             Began as a Gargoyle Berserker on June 4, 2018.
             Was a Believer of Trog.
             Mangled by an ogre
             ... wielding a +0 giant club
              (13 damage)
             ... on level 3 of the Dungeon.
             The game lasted 00:03:54 (2422 turns).

Fang the Skirmisher (Gargoyle Berserker)            Turns: 2422, Time: 00:03:55

Health: -9/43      AC:  5    Str: 26    XL:     4   Next: 72%
Magic:  4/4        EV: 12    Int:  8    God:    Trog [**....]
Gold:   102        SH:  0    Dex:  9    Spells: 3/3 levels left

rFire    . . .     SeeInvis .   a - +0 hand axe
rCold    . . .     Gourm    .   (no shield)
rNeg     + . .     Faith    .   b - +0 animal skin
rPois    ∞         Spirit   .   (no helmet)
rElec    +         Reflect  .   (no cloak)
rCorr    .         Harm     .   (no gloves)
MR       .....                  (no boots)
Stlth    ..........             (no amulet)
HPRegen  0.14/turn              (no ring)
MPRegen  0.09/turn              (no ring)

@: berserking, very quick
A: negative energy resistance 1, electricity resistance, unbreathing,
petrification resistance, rot immunity, AC +3
a: Berserk, Trog's Hand, Burn Spellbooks, Renounce Religion


You were on level 3 of the Dungeon.
You worshipped Trog.
Trog was pleased with you.
You were near starving.

You visited 1 branch of the dungeon, and saw 3 of its levels.

You collected 102 gold pieces.

Inventory:

Hand Weapons
 a - a +0 hand axe (weapon)
Missiles
 f - 5 javelins (quivered)
Armour
 b - a +0 animal skin (worn)
Scrolls
 d - a scroll of remove curse {unknown}
 e - 2 scrolls of enchant armour {unknown}
 h - a scroll of fear {unknown}
 j - a scroll of amnesia {unknown}
Potions
 g - a potion of brilliance {unknown}
 i - a potion of might {unknown}
 k - a potion of agility {unknown}
 l - a potion of berserk rage {unknown}
 m - a potion of heal wounds {unknown}
Comestibles
 c - 5 rations


   Skills:
 + Level 3.8 Fighting
 + Level 3.8 Axes
 + Level 2.4 Armour
 + Level 2.4 Dodging
 + Level 0.2 Stealth


You had 3 spell levels left.
You didn't know any spells.

Dungeon Overview and Level Annotations

Branches:
Dungeon (3/15)

Altars:


Innate Abilities, Weirdness & Mutations

You are resistant to torment.
Your stone body is resilient. (AC +3)
You are immune to poison.
You resist negative energy. (rN+)
You are resistant to electric shocks. (rElec)
You can survive without breathing.
You are immune to petrification.
You are immune to rotting.


Message History

You are too injured to fight recklessly!
You are too injured to fight recklessly!
A red film seems to cover your vision as you go berserk!
You feel yourself moving faster!
You feel mighty!
You are near starving!
The ogre misses you.
You hit the ogre.
The ogre is moderately wounded.
Unknown command.
You slash the ogre!
The ogre is severely wounded.
You hit the dart slug. The ogre misses you.
Unknown command.
You hit the ogre but do no damage.
The ogre is severely wounded.
You hit the dart slug.
You kill the dart slug!
Trog accepts your kill. The ogre hits you with a giant club!
You die...

### # ..)#
#.######....#
#....<@O....#
#...........#
#.........###
#.........#
#.........#
...........#
#.....###...#
#..... ...#
#..... ####


You could see an ogre.

Vanquished Creatures
  3 adders (D:2)
  2 oozes
  An adder skeleton (D:2)
  4 dart slugs
  2 leopard geckos (D:2)
  2 giant cockroaches
  6 goblins
  7 hobgoblins
  A ball python (D:1)
  6 bats
  5 kobolds
  15 rats
54 creatures vanquished.

Notes
Turn   | Place    | Note
-------+----------+-------------------------------------------
     0 | D:1      | Fang the Gargoyle Berserker began the quest for the Orb.
     0 | D:1      | Reached XP level 1. HP: 14/14 MP: 1/1
   350 | D:1      | Reached XP level 2. HP: 19/19 MP: 2/2
   515 | D:1      | Reached XP level 3. HP: 22/24 MP: 3/3
  1100 | D:1      | Reached ** piety under Trog
  1572 | D:2      | Reached XP level 4. HP: 22/29 MP: 4/4
  2411 | D:3      | Noticed an ogre
  2422 | D:3      | Mangled by an ogre

Skill      XL: |  1  2  3 |
---------------+----------+-----
Axes           | 3 |  3.8
Dodging        | 2 |  2.4
Fighting       | |  3.8
Armour         | |  2.4
Stealth        | |  0.2

Action                   |  1- 3 |  4- 6 || total
-------------------------+-------+-------++-------
Melee: Hand axe          |   138 |    62 ||   200
Throw: Javelin           |     2 |       ||     2
Invok: Berserk           |       |     1 ||     1
  Eat: Chunk             |     2 |     2 ||     4
Armor: Animal skin       |    51 |    20 ||    71
Dodge: Dodged            |   107 |    48 ||   155
